 Dungeon Crawl Stone Soup version 0.23.1 (webtiles) character file.

Game seed: 4489410331020724370

13166 pjoxt the Spear-Bearer (level 11, -8/89 HPs)
             Began as a Pale Draconian Monk on Mar 5, 2019.
             Was a High Priest of Hepliaklqana.
             Mangled by a death yak (25 damage)
             ... in an ice cave.
             The game lasted 00:32:50 (11104 turns).

pjoxt the Spear-Bearer (Pale Draconian Monk)       Turns: 11104, Time: 00:32:51

Health: -8/89      AC: 11    Str: 16    XL:     11   Next: 72%
Magic:  13/17      EV: 17    Int: 10    God:    Hepliaklqana [*****.]
Gold:   218        SH:  6    Dex: 15    Spells: 10/10 levels left

rFire    . . .     SeeInvis +   a - +0 trident (venom)
rCold    . . .     Gourm    .   m - +0 buckler
rNeg     . . .     Faith    .   (armour unavailable)
rPois    .         Spirit   .   (helmet restricted)
rElec    .         Reflect  .   I - +0 cloak
rCorr    .         Harm     .   y - +0 pair of gloves
MR       .....                  c - +1 pair of boots
Stlth    ++........             (no amulet)
HPRegen  0.24/turn              B - ring of see invisible
MPRegen  0.15/turn              (no ring)

@: no status effects
A: breathe steam, unfitting armour, reduced essence, cold-blooded, AC +7
a: Breathe Steam, Recall Ancestor, Ancestor Identity, Transference, Idealise,
Renounce Religion


You were in an ice cave.
You worshipped Hepliaklqana.
Hepliaklqana was extremely pleased with you.
You were not hungry.

You visited 3 branches of the dungeon, and saw 14 of its levels.
You also visited: Sewer and Ice Cave.

You collected 456 gold pieces.
You spent 238 gold pieces at shops.

Inventory:

Hand Weapons
 a - a +0 trident of venom (weapon)
 D - a +0 glaive of chopping
Armour
 c - a +1 pair of boots (worn)
 m - a +0 buckler (worn)
 y - a +0 pair of gloves (worn)
 I - a +0 cloak (worn)
Jewellery
 B - a ring of see invisible (left hand)
Wands
 g - a wand of flame (7)
 q - a wand of random effects (26)
 E - a wand of disintegration (12)
 K - a wand of polymorph (12)
Scrolls
 e - a scroll of teleportation
 j - a scroll of fog {unknown}
 n - a scroll of magic mapping
 o - 2 scrolls of blinking
 r - 5 scrolls of remove curse
 t - a scroll of enchant armour
 w - 4 scrolls of noise
 x - 2 scrolls of random uselessness {unknown}
 F - a scroll of fear
 G - 3 scrolls of enchant weapon
 J - a scroll of summoning {unknown}
Potions
 d - a potion of haste
 f - 2 potions of mutation
 h - 12 potions of curing
 i - a potion of brilliance
 l - a potion of heal wounds
 p - 7 potions of flight
 u - a potion of cancellation
 v - 5 potions of degeneration
 z - a potion of lignification
Comestibles
 b - 16 rations


   Skills:
 + Level 9.7 Fighting
 + Level 11.2 Polearms
 + Level 7.1 Dodging
 - Level 1.7 Stealth
 + Level 8.2 Shields
 + Level 8.3 Invocations


You had 10 spell levels left.
You didn't know any spells.
Your spell library contained the following spells:

 Spells                   Type           Power        Failure   Level  Hunger
 Beastly Appendage        Tmut           #.....       36%         1    ##.....
 Sticks to Snakes         Tmut           #.......     50%         2    ###....
 Spectral Weapon          Hex/Chrm       #.......     75%         3    ####...
 Spider Form              Tmut/Pois      #.........   75%         3    ####...
 Ice Form                 Ice/Tmut       #.......     98%         4    #####..
 Alistair's Intoxication  Tmut/Pois      #.......     100%        5    ######.
 Blade Hands              Tmut           #.........   100%        5    ######.
 Irradiate                Conj/Tmut      #.........   100%        5    ######.
 Hydra Form               Tmut           #.........   100%        6    #######
 Statue Form              Tmut/Erth      #........    100%        6    #######
 Dragon Form              Tmut           #.........   100%        7    #######


Dungeon Overview and Level Annotations

Branches:
Dungeon (12/15)            Temple (1/1) D:4            Lair (0/6) D:8
    Orc (1/2) D:9

Altars:
Dithmenos
Elyvilon
Hepliaklqana
Kikubaaqudgha
Makhleb
Nemelex Xobeh
Okawaru
Qazlal
Ru
Sif Muna
Trog
Uskayaw
Wu Jian
Xom
Yredelemnul
Zin
The Shining One

Shops:
D:5 =   D:10 ?


Innate Abilities, Weirdness & Mutations

You can breathe blasts of scalding, opaque steam.
Your pale cyan-grey scales are hard. (AC +7)
You cannot fit into any form of body armour.
You are cold-blooded and may be slowed by cold attacks.
Your life essence is reduced to manifest your ancestor. (-10% HP)


Message History

You hit the death yak.
The death yak looks as sick as possible!
The death yak is heavily wounded.
You hit the death yak but do no damage.
The death yak looks as sick as possible!
The death yak is heavily wounded.
Arc hits the death yak with a +0 flail.
The death yak gores you but does no damage.
You hit the death yak.
The death yak looks as sick as possible!
The death yak is heavily wounded.
You block the death yak's attack.
Arc hits the death yak with a +0 flail!
You hit the death yak.
The death yak looks as sick as possible!
The death yak is severely wounded.
You hit the death yak.
The death yak looks as sick as possible!
The death yak is almost dead.
The death yak gores you!!
You die...

#≈#≈≈≈≈≈≈#
#≈≈≈≈≈≈≈# ####
##≈≈#≈≈## ##..#
#≈≈##≈≈# ###..#
#≈≈≈# ####....#
#≈≈#≈#####...#.#
#≈≈###≈##.#.#.#.##
#≈≈ #≈#....####.##
#≈# #@Y.#.## #..#
#≈ ##R#### ##R##
#≈ ### #..# ###
##.# ##.# ##..#
#..####...#
##...##.R###
#..#.#...#
##§##....##


You could see the friendly Arc the knight and a death yak.

Vanquished Creatures
  Harold (D:7)
  A death yak (IceCv)
  An ugly thing (D:10)
  A kobold demonologist (D:11)
  An ice devil (D:11)
  3 trolls
  2 polar bears (IceCv)
  A human (D:8)
  4 yaks
  Grum (D:9)
  3 hungry ghosts
  2 porcupines
  3 orc warriors
  An ice beast (D:5)
  A phantom (D:3)
  A slave (D:6)
  A necrophage (D:5)
  3 ogres
  6 wolves (IceCv)
  4 centaurs
  A crocodile (D:7)
  A bullfrog (D:10)
  A wyvern zombie (D:10)
  5 scorpions
  A water moccasin skeleton (D:9)
  A wight (D:11)
  6 killer bees
  A howler monkey (D:4)
  2 centaur zombies
  A jelly (D:7)
  4 orc priests
  5 hounds
  15 orc wizards
  2 bullfrog skeletons
  2 iguanas
  4 worker ants
  A killer bee zombie (D:6)
  A hound zombie (D:8)
  A gnoll (D:4)
  6 adders
  2 shadow imps
  An ooze (D:3)
  2 adder skeletons
  3 worms
  4 dart slugs
  4 leopard geckos
  43 orcs
  7 giant cockroaches
  8 goblins
  7 hobgoblins
  10 jackals
  7 kobolds
  4 quokkas
  6 ball pythons
  4 bats
  4 frilled lizards
  A giant cockroach zombie (D:6)
  A leopard gecko skeleton (D:5)
  3 rats
223 creatures vanquished.

Vanquished Creatures (collateral kills)
  Pikel (D:6)
  Joseph (D:7)
  2 kobold demonologists (D:11)
  An ice devil (D:11)
  A polar bear (IceCv)
  Grinder (D:6)
  3 hogs (D:8)
  3 porcupines (D:8)
  Purgy (Sewer)
  3 ice beasts
  A sky beast (D:8)
  An orc warrior (D:7)
  5 wolves
  2 centaurs
  2 scorpions
  A wyvern skeleton (D:7)
  3 killer bees (D:8)
  A wight (D:11)
  5 howler monkeys
  3 crimson imps
  A bullfrog skeleton (D:4)
  A gnoll shaman (D:5)
  A hound (D:6)
  7 orc wizards
  A hound zombie (D:5)
  A hound skeleton (D:5)
  2 adders
  5 gnolls
  17 orcs
  2 giant cockroaches
  A goblin (D:2)
  4 jackals
  2 kobolds
  A quokka (D:2)
  2 ball pythons (Sewer)
  2 bats
  A frilled lizard (Sewer)
92 creatures vanquished.

Vanquished Creatures (others)
  2 yaks (IceCv)
  5 knights
  7 fungi (D:8)
  A plant (D:8)
15 creatures vanquished.

Grand Total: 330 creatures vanquished

Notes
Turn   | Place    | Note
-------+----------+-------------------------------------------
     0 | D:1      | pjoxt the Draconian Monk began the quest for the Orb.
     0 | D:1      | Reached XP level 1. HP: 19/19 MP: 1/1
    80 | D:1      | Reached XP level 2. HP: 25/26 MP: 2/2
   472 | D:2      | Reached XP level 3. HP: 13/33 MP: 3/3
   658 | D:3      | Reached skill level 4 in Polearms
   665 | D:3      | Found a glowing golden altar of the Shining One.
   821 | D:3      | Reached XP level 4. HP: 23/40 MP: 4/4
   909 | D:4      | Found a staircase to the Ecumenical Temple.
  1236 | Temple   | Entered the Ecumenical Temple
  1268 | Temple   | Became a worshipper of Hepliaklqana the Forgotten
  1268 | Temple   | Reached * piety under Hepliaklqana
  1268 | Temple   | Reached ** piety under Hepliaklqana
  1269 | Temple   | Remembered your ancestor Arc as a knight
  1341 | D:4      | Reached skill level 5 in Polearms
  1341 | D:4      | Reached XP level 5. HP: 37/42 MP: 5/5
  1508 | D:4      | Reached skill level 1 in Shields
  1527 | D:4      | Noticed an ogre
  1578 | D:5      | Entered Level 5 of the Dungeon
  1595 | D:5      | Reached skill level 1 in Invocations
  1595 | D:5      | Reached XP level 6. HP: 32/49 MP: 6/6
  1688 | D:5      | Noticed an ice beast
  1699 | D:5      | Reached skill level 5 in Fighting
  1709 | D:5      | Killed an ice beast
  1833 | D:5      | Reached skill level 6 in Polearms
  1833 | D:5      | Your scales start taking on a pale cyan-grey colour.
  1833 | D:5      | Reached XP level 7. HP: 21/54 MP: 8/8
  1872 | D:5      | Found Opaxzuziop's Jewellery Boutique.
  2058 | D:5      | Reached *** piety under Hepliaklqana
  2143 | D:5      | Found a glowing drain.
  2148 | Sewer    | Entered a sewer
  2191 | Sewer    | Noticed Purgy
  2208 | Sewer    | Killed Purgy
  2208 | Sewer    | Reached XP level 8. HP: 48/63 MP: 10/10
  2610 | D:4      | Found a burning altar of Makhleb.
  2612 | D:4      | Found an ornate altar of the Wu Jian Council.
  2612 | D:4      | Found a bloodstained altar of Trog.
  2615 | D:4      | Found an iron altar of Okawaru.
  2617 | D:4      | Found a basalt altar of Yredelemnul.
  2640 | D:4      | Reached skill level 7 in Polearms
  3057 | D:3      | Found a shimmering altar of Xom.
  3278 | D:3      | Found a sacrificial altar of Ru.
  3728 | D:3      | Found a shadowy altar of Dithmenos.
  3761 | D:3      | Found an ancient bone altar of Kikubaaqudgha.
  3761 | D:3      | Found a stormy altar of Qazlal.
  3763 | D:3      | Found a burning altar of Makhleb.
  3763 | D:3      | Found an ornate altar of the Wu Jian Council.
  3763 | D:3      | Found a sacrificial altar of Ru.
  3833 | D:3      | Found a faded altar of an unknown god.
  4069 | D:2      | Found a glowing silver altar of Zin.
  4246 | D:2      | Found a hide-covered altar of Uskayaw.
  4246 | D:2      | Found a deep blue altar of Sif Muna.
  4471 | D:1      | Reached **** piety under Hepliaklqana
  4801 | D:1      | Found a sparkling altar of Nemelex Xobeh.
  4977 | D:6      | Reached skill level 5 in Shields
  5125 | D:6      | Noticed Pikel
  5138 | D:6      | Killed Pikel
  5138 | D:6      | Reached XP level 9. HP: 62/70 MP: 12/12
  5178 | D:6      | Noticed Grinder
  5189 | D:6      | Killed Grinder
  5189 | D:6      | Reached skill level 5 in Invocations
  5812 | D:7      | Reached skill level 8 in Polearms
  6075 | D:7      | Noticed Joseph
  6121 | D:7      | Killed Joseph
  6319 | D:7      | Found a sparkling altar of Nemelex Xobeh.
  6384 | D:7      | Reached skill level 5 in Dodging
  6638 | D:7      | Noticed Harold
  6655 | D:7      | Killed Harold
  6655 | D:7      | Reached skill level 9 in Polearms
  6655 | D:7      | Reached XP level 10. HP: 66/79 MP: 14/14
  6998 | D:8      | Identified the Reference Book on Bewitching Changing
  7012 | D:8      | Found a white marble altar of Elyvilon.
  7429 | D:8      | Found a sacrificial altar of Ru.
  7435 | D:8      | Reached ***** piety under Hepliaklqana
  7925 | D:8      | Reached skill level 10 in Polearms
  8000 | D:8      | Found a staircase to the Lair.
  8479 | D:9      | Found a staircase to the Orcish Mines.
  8648 | D:9      | Reached XP level 11. HP: 45/85 MP: 16/16
  9228 | D:9      | Noticed Grum
  9243 | D:9      | Killed Grum
  9659 | Orc:1    | Entered Level 1 of the Orcish Mines
  9740 | D:10     | Entered Level 10 of the Dungeon
  9943 | D:10     | Found Fayfoumy's Magic Scroll Shop.
  9989 | D:10     | Bought a scroll of identify for 28 gold pieces
  9989 | D:10     | Bought a scroll of enchant weapon for 105 gold pieces
  9989 | D:10     | Bought a scroll of enchant weapon for 105 gold pieces
 10041 | D:11     | Noticed a centaur warrior
 10041 | D:11     | Noticed a brown ugly thing
 10058 | D:10     | Killed a brown ugly thing
 10137 | D:11     | Noticed a sixfirhy
 10216 | D:11     | Found a frozen archway.
 10342 | IceCv    | Entered an ice cave
 10427 | IceCv    | HP: 4/87 [something (10)]
 10810 | IceCv    | Reached skill level 11 in Polearms
 11053 | IceCv    | Noticed a death yak
 11053 | IceCv    | Noticed a death yak
 11065 | IceCv    | Killed a death yak
 11104 | IceCv    | Mangled by a death yak

Skill      XL: |  1  2  3  4  5  6  7  8  9 10 11 |
---------------+----------------------------------+-----
Polearms       | 4 5 6 7 9 10 11 | 11.2
Fighting       | 4 5 6 8 9 |  9.7
Shields        | 1 2 4 5 6 7 8 |  8.2
Invocations    | 1 2 3 4 6 7 8 |  8.3
Dodging        | 4 5 6 7 |  7.1
Stealth        | |  1.7

Action                   |  1- 3 |  4- 6 |  7- 9 | 10-12 || total
-------------------------+-------+-------+-------+-------++-------
Melee: Spear             |   132 |   158 |   340 |       ||   630
       Tailslap          |    10 |    18 |    34 |    42 ||   104
       Trident           |       |       |    28 |   357 ||   385
       Glaive            |       |       |    10 |    54 ||    64
Invok: Ancestor Life: Kn |       |     1 |       |       ||     1
       Ancestor Identity |       |     1 |       |       ||     1
       Recall Ancestor   |       |     1 |     2 |     4 ||     7
       Idealise          |       |       |       |     3 ||     3
 Abil: Breathe Steam     |       |       |     9 |     7 ||    16
Evoke: Wand              |       |       |     2 |       ||     2
  Use: Scroll            |       |     3 |     5 |     7 ||    15
       Potion            |       |       |       |     8 ||     8
 Stab: Sleeping          |     2 |     4 |    10 |     3 ||    19
       Distracted        |       |       |     7 |     5 ||    12
  Eat: Chunk             |       |     3 |    17 |    13 ||    33
       Ration            |       |       |       |     2 ||     2
Armor: Skin              |    13 |    34 |    40 |    77 ||   164
Dodge: Dodged            |    56 |    83 |    82 |   188 ||   409
Block: Buckler           |       |     9 |    44 |    71 ||   124
